 Dungeon Crawl Stone Soup version 0.28-a0-384-g9e0c098162 (webtiles) character file.

Game seed: 4859296623612055151

35 Archison the Sneak (level 3, 0/16 HPs)
             Began as a Spriggan Enchanter on Sept 2, 2021.
             Succumbed to an adder's poison
             ... on level 2 of the Dungeon.
             The game lasted 00:05:38 (2700 turns).

Archison the Sneak (Spriggan Enchanter)             Turns: 2700, Time: 00:05:39

Health: 0/16       AC:  2    Str:  4    XL:     3   Next: 16%
Magic:  2/8        EV: 17    Int: 17    God:
Gold:   122        SH:  0    Dex: 15    Spells: 5/7 levels left

rFire   . . .      SeeInvis +   a - +1 dagger
rCold   . . .      Faith    .   (shield restricted)
rNeg    . . .      Spirit   .   b - +0 robe
rPois   .          Reflect  .   (helmet restricted)
rElec   .          Harm     .   (no cloak)
rCorr   .          Rampage  .   (gloves unavailable)
Will    .....      Rnd*Tele +   (boots unavailable)
Stlth   +++.......              (no amulet)
HPRegen 0.05/turn               (no ring)
MPRegen 0.11/turn               (no ring)

@: lethally poisoned (0 -> -2), very quick
A: very small, no large weapons, unfitting armour, see invisible, speed 3,
teleportitis 1
a: no special abilities


You were on level 2 of the Dungeon.
You visited 1 branch of the dungeon, and saw 2 of its levels.

You collected 122 gold pieces.

Inventory:

Hand Weapons
 a - a +1 dagger (weapon)
Armour
 b - a +0 robe (worn)
Jewellery
 d - a ring of wizardry
Scrolls
 e - 2 scrolls of fog {unknown}
 f - 2 scrolls of teleportation {unknown}
 g - a scroll of noise {unknown}
 i - a scroll of summoning {unknown}
 k - a scroll of amnesia {unknown}
 l - 2 scrolls of identify {unknown}
Potions
 c - a potion of invisibility
 j - a potion of flight {unknown}
 m - a potion of curing {unknown}


   Skills:
 - Level 1.1 Short Blades
 * Level 3.1 Dodging
 * Level 5.4 Stealth
 - Level 2.7 Spellcasting
 * Level 4.3 Hexes
 + Level 0.1 Ice Magic


You had 5 spell levels left.
You knew the following spells:

 Your Spells              Type           Power      Damage    Failure   Level
a - Ensorcelled Hibernat  Hex/Ice        18%        N/A       11%         2

Your spell library contained the following spells:

 Spells                   Type           Power      Damage    Failure   Level
 Confusing Touch          Hex            16%        N/A       10%         3
 Tukima's Dance           Hex            16%        N/A       10%         3
 Dazzling Flash           Conj/Hex       18%        N/A       22%         3


Dungeon Overview and Level Annotations

Branches:
Dungeon (2/15)

Altars:


Innate Abilities, Weirdness & Mutations

You are very small and have problems with some larger weapons.
You are too small for most types of armour.
You have supernaturally acute eyesight. (SInv)
You cover ground extremely quickly. (Speed+++)
You are occasionally teleported next to monsters.


Message History

You impale the rat!!
You kill the rat!
Casting: Ensorcelled Hibernation (safe; 11% risk of failure)
Confirm with . or Enter, or press ? or * to list all spells.
Aiming: Ensorcelled Hibernation (safe; 11% risk of failure)
Press: ? - help, Shift-Dir - straight line, f - adder
Aim: an adder (chance to affect: 50%)
The adder resists with some effort.
The adder completely misses you. The adder bites you.
Casting: Ensorcelled Hibernation (safe; 11% risk of failure)
Confirm with . or Enter, or press ? or * to list all spells.
Aiming: Ensorcelled Hibernation (safe; 11% risk of failure)
Press: ? - help, Shift-Dir - straight line, f/p - adder
Aim: an adder (chance to affect: 50%)
The adder resists with some effort.
The adder completely misses you.
Casting: Ensorcelled Hibernation (safe; 11% risk of failure)
Confirm with . or Enter, or press ? or * to list all spells.
Aiming: Ensorcelled Hibernation (safe; 11% risk of failure)
Press: ? - help, Shift-Dir - straight line, f/p - adder
Aim: an adder (chance to affect: 50%)
The adder resists with some effort.
The adder bites you. The adder bites you but does no damage.
You open the door. The adder barely misses you. The adder bites you.
You are lethally poisoned!
The adder poisons you!
There is an open door here.
You feel sick.
You close the door.
* * * LOW HITPOINT WARNING * * *
You feel sick.
* * * LOW HITPOINT WARNING * * *
You feel sick.
* * * LOW HITPOINT WARNING * * *
You feel sick.
* * * LOW HITPOINT WARNING * * *
You feel sick.
It was a potion of mutation.
You feel extremely strange.
You feel weirdly uncertain.
You die...

.......# #+
#............##
######## #.
#............. #.
#.........<..# #.
#............# #.
#......[.....# #.
#.S..........#
#.####+#..#####+#..
#..........#### ##
#.@...........#.
#...............
#..........##...
#........>.++...
#...............
###.....###.....
#.....###.$...
####..........
#..........


There were no monsters in sight!

Vanquished Creatures
  2 dart slugs (D:1)
  4 ball pythons
  2 bats (D:2)
  4 endoplasms
  4 goblins
  3 hobgoblins
  5 kobolds (D:1)
  A frilled lizard (D:1)
  4 rats
29 creatures vanquished.

Notes
Turn   | Place    | Note
-------+----------+-------------------------------------------
     0 | D:1      | Archison the Spriggan Enchanter began the quest for the
                  | Orb.
     0 | D:1      | Reached XP level 1. HP: 9/9 MP: 5/5
  1163 | D:1      | Reached XP level 2. HP: 3/13 MP: 6/6
  1394 | D:1      | Learned a level 2 spell: Ensorcelled Hibernation
  1536 | D:1      | Found a faded altar of an unknown god.
  1720 | D:1      | Reached skill level 5 in Stealth
  2305 | D:2      | Reached XP level 3. HP: 14/16 MP: 8/8
  2700 | D:2      | Gained mutation: You are occasionally teleported next to
                  | monsters. [potion of mutation]
  2700 | D:2      | Succumbed to an adder's poison

Illustrated notes

Levels and vault maps discovered:
D:1:      nicolae_arrival_somewhat_less_tricky_arrival, layout_loops_ring,
          hellmonk_ecumenical_altar_zigzags, hangedman_decor_slide_cut
D:2:      layout_basic

Skill      XL: |  1  2 |
---------------+-------+-----
Hexes          | 4 |  4.3
Stealth        | 5 |  5.4
Dodging        | 3 |  3.1
Short Blades   | |  1.1
Spellcasting   | |  2.7
Ice Magic      | |  0.1

Action                   || total
-------------------------++-------
Melee: Dagger            ||    73
 Cast: Ensorcelled Hiber ||    26
  Use: Potion            ||     1
 Stab: Sleeping          ||    19
Armor: Robe              ||     8
Dodge: Dodged            ||    70

Table legend: (Time is in decaauts)
 A = Elapsed time spent in this place.
 B = Non-inter-level travel time spent in this place.
 C = Inter-level travel time spent in this place.
 D = Time resting spent in this place.
 E = Time spent auto-exploring this place.
 F = Levels seen in this place.
 G = Mean time per level.
                   A        B        C        D        E       F      G
               +--------+--------+--------+--------+--------+-----+--------+
         Total |   2231 |   2227 |      4 |   1068 |    760 |   2 | 1115.5 |
       Dungeon |   2231 |   2227 |      4 |   1068 |    760 |   2 | 1115.5 |
               +--------+--------+--------+--------+--------+-----+--------+

Top non-repeatable levels by time:
     D:1: 1704 daAuts
     D:2: 526 daAuts
